Flyers vs Oilers (R1)

Created - 15 mars 2016 at 20:54

Goals
1 2 3 T
Flyers 1 0 4 5
Oilers 2 2 0 4
Shots
1 2 3 T
Flyers 9 13 14 36
Oilers 10 16 3 29

1st period

1. Flyers , Patrick Marleau 27 (Kyle Wellwood, Pavel Kubina) at 5:09
2. Oilers , Ilya Kovalchuk 32 (Paul Stastny, Ian White) at 10:02
3. Oilers , Paul Stastny 22 (Ilya Kovalchuk, Zach Bogosian) at 10:41

Penalties :
Rostislav Olesz (Phi) for Boarding (Minor) at 2:31, Danny Richmond (Edm) for Slashing (Minor) at 6:42, Alexei Morozov (Phi) for Cross-checking (Minor) at 13:03, Tomas Fleischmann (Edm) for Cross-checking (Minor) at 16:29

2nd period

4. Oilers , Patrick Kaleta 11 (Peter Regin, Patrick Kane) at 9:11
5. Oilers , Patrick Kane 34 (Jonathan Toews, Tomas Fleischmann) at 16:07

Penalties :
Ian White (Edm) for High sticking (Minor) at 4:30

3rd period

6. Flyers , Loui Eriksson 21 (Kyle Wellwood, Patrick Marleau) at 9:06 (PP)
7. Flyers , Matt Smaby 7 (Patrick Marleau, Kyle Wellwood) at 9:43
8. Flyers , Kyle Wellwood 23 (Patrick Marleau, Pavel Kubina) at 12:26
9. Flyers , Shane Doan 14 (Matthew Lombardi, Rostislav Olesz) at 19:53

Penalties :
Ian White (Edm) for Tripping (Minor) at 4:31, Ian White (Edm) for Hooking (Minor) at 8:29, Jonathan Toews (Edm) for High sticking (Minor) at 16:44

Goalie Stats

Cory Schneider (Phi), 25 saves from 29 shots - (0,862), W, 20-7-3, 60:00 minutes
Cam Ward (Edm), 31 saves from 36 shots - (0,861), L, 25-21-3, 60:00 minutes

Players Stats for Flyers

Player Name              G  A  P  +/- PIM S  H  SB GA TA FO     MP     PP MP  PK MP  
------------------------------------------------------------------------------------
Alexei Morozov           0  0  0  -2  2   4  3  1  1  0  2/2    19:14   5:10   0:00 
Dany Heatley             0  0  0  -2  0   3  2  1  1  0  1/2    21:02   5:07   1:44 
James Wisniewski         0  0  0   1  0   2  0  0  0  0  0/0     7:42   0:16   0:00 
Jeff Carter              0  0  0  -2  0   4  0  0  1  0  14/29  20:09   5:13   0:51 
Jeff O'Neill             0  0  0  -1  0   1  1  1  0  1  2/6     8:37   0:04   0:00 
Jeff Woywitka            0  0  0  -2  0   0  1  1  0  0  0/0    27:30   5:30   2:22 
Jonathan Ericsson        0  0  0  -2  0   0  2  2  0  1  0/0    27:30   5:30   2:22 
Kyle McLaren             0  0  0   0  0   0  0  1  0  1  0/0     9:20   0:16   1:36 
Kyle Wellwood            1  3  4   2  0   4  3  0  1  0  8/15   20:04   5:15   1:05 
Loui Eriksson            1  0  1   2  0   2  2  1  0  0  0/1    19:12   5:19   0:00 
Matt Smaby               1  0  1   1  0   3  4  0  0  1  0/0    24:48   4:46   1:36 
Matthew Lombardi         0  1  1   1  0   0  1  0  0  0  9/14   11:10   0:00   2:02 
Michel Ouellet           0  0  0  -1  0   2  1  1  0  0  0/0    10:35   0:03   2:02 
Mike York                0  0  0  -1  0   0  0  0  2  0  0/0     8:55   0:10   0:12 
Patrick Marleau          1  3  4   2  0   3  3  0  2  0  1/3    18:59   5:15   0:00 
Pavel Kubina             0  2  2   2  0   4  1  0  1  0  0/0    23:10   4:46   0:00 
Rostislav Olesz          0  1  1   1  2   2  1  1  0  0  0/0     9:01   0:00   0:00 
Shane Doan               1  0  1   1  0   2  0  0  0  0  0/0     9:02   0:00   0:00 

Players Stats for Oilers

Player Name              G  A  P  +/- PIM S  H  SB GA TA FO     MP     PP MP  PK MP  
------------------------------------------------------------------------------------
Brian Sutherby           0  0  0  -2  0   0  0  0  0  0  1/3    10:54   0:00   4:57 
Danny Richmond           0  0  0   1  2   2  2  1  0  1  0/0    22:00   1:45   4:15 
David Hale               0  0  0   1  0   0  0  0  0  0  0/0    19:22   0:00   2:29 
Ian White                0  1  1  -1  6   0  2  1  0  0  0/0    22:31   2:13   2:57 
Ilya Kovalchuk           1  1  2   1  0   5  0  0  0  2  2/2    17:22   1:55   0:12 
Jonathan Toews           0  1  1   0  2   2  3  1  0  2  10/24  18:12   2:03   0:04 
Kurt Sauer               0  0  0   0  0   3  1  1  1  0  0/0    19:28   2:13   5:04 
Oleg Saprykin            0  0  0  -2  0   0  2  0  0  1  0/0    11:09   0:00   5:06 
Patrick Kaleta           1  0  1   1  0   3  2  0  1  0  1/1     7:36   0:00   0:00 
Patrick Kane             1  1  2   0  0   1  1  1  2  0  1/2    17:59   2:03   0:00 
Paul Stastny             1  1  2   1  0   4  1  0  0  0  12/24  17:15   1:55   0:11 
Peter Regin              0  1  1   1  0   2  0  0  0  0  5/11   13:42   0:00   5:20 
Rob Scuderi              0  0  0  -1  0   1  2  2  0  1  0/0    22:27   0:00   5:28 
Steve Begin              0  0  0   1  0   2  0  0  0  1  0/0    13:36   0:00   5:14 
Ted Purcell              0  0  0   1  0   3  2  0  0  0  3/4    17:04   1:55   0:00 
Tomas Fleischmann        0  1  1   0  2   1  0  0  0  1  0/1    17:56   2:03   0:00 
Wayne Simmonds           0  0  0  -2  0   0  0  0  0  0  0/0     5:57   0:00   0:00 
Zach Bogosian            0  1  1   0  0   0  1  0  0  0  0/0    14:52   1:45   0:51 

3 Stars

1 - Patrick Marleau (Phi)
2 - Kyle Wellwood (Phi)
3 - Paul Stastny (Edm)

Power Play

Flyers - 1 on 6 Attempt(s) - 16,67%
Oilers - 0 on 2 Attempt(s) - 0,00%

Penalty Kill

Flyers - 2 on 2 Attempt(s) - 100,00% - Score 0 goal in Penalty Kill
Oilers - 5 on 6 Attempt(s) - 83,33% - Score 0 goal in Penalty Kill

Team Stat

Flyers - Hits : 25 - Faceoff Wins : 37 - Blocked Shots : 10 - Penalty Minutes : 4
Oilers - Hits : 19 - Faceoff Wins : 35 - Blocked Shots : 7 - Penalty Minutes : 12

Official

Referees : Morton Dean and Sutherland Kelly
Linesman : Lyle Seitz and Mike Cvik

Game Notes

No Game Note

Finance

Level 1 -- Attendance: 6000 (100,00%) -- Ticket Income 516 000 $
Level 2 -- Attendance: 4712 (94,24%) -- Ticket Income 245 024 $
Level 3 -- Attendance: 1943 (97,15%) -- Ticket Income 62 176 $
Level 4 -- Attendance: 3879 (96,98%) -- Ticket Income 85 338 $
Luxury Box -- Attendance: 1000 (100,00%) -- Ticket Income 168 000 $
Game was played at the Rexall Place.
Total Attendance: 17534 (97,41%)
Total Ticket Income: 1 076 538 $
Other Income: 161 481 $
Total Income: 1 238 019 $

Flyers

5 vs 5 Forward 
   Center                   Left Wing                Right Wing               Time % Phy DF OF 
 1 Kyle Wellwood            Patrick Marleau          Loui Eriksson            35     1   0  4  
 2 Jeff Carter              Dany Heatley             Alexei Morozov           35     0   0  5  
 3 Matthew Lombardi         Rostislav Olesz          Shane Doan               15     0   3  2  
 4 Jeff O'Neill             Mike York                Michel Ouellet           15     0   3  2  

5 vs 5 Defense 
   Defense                  Defense                                           Time % Phy DF OF 
 1 Jeff Woywitka            Jonathan Ericsson                                 40     1   2  2  
 2 Pavel Kubina             Matt Smaby                                        40     1   2  2  
 3 James Wisniewski         Kyle McLaren                                      15     1   4  0  
 4 Jonathan Ericsson        Jeff Woywitka                                     5      1   2  2  

PowerPlay Forward 
   Center                   Left Wing                Right Wing               Time % Phy DF OF 
 1 Jeff Carter              Dany Heatley             Alexei Morozov           50     1   2  2  
 2 Kyle Wellwood            Patrick Marleau          Loui Eriksson            50     1   2  2  

PowerPlay Defense
   Defense                  Defense                                           Time % Phy DF OF 
 1 Jonathan Ericsson        Jeff Woywitka                                     50     1   2  2  
 2 Pavel Kubina             Matt Smaby                                        50     1   2  2  

Penalty Kill 4 Players Forward 
   Center                   Wing                     Time % Phy DF OF 
 1 Matthew Lombardi         Michel Ouellet           60     0   5  0  
 2 Kyle Wellwood            Dany Heatley             40     0   5  0  

Penalty Kill 4 Players Defense
   Defense                  Defense                  Time % Phy DF OF 
 1 Jeff Woywitka            Jonathan Ericsson        60     0   5  0  
 2 Kyle McLaren             Matt Smaby               40     0   5  0  

Penalty Kill - 3 Players Forward 
   Forward                                           Time % Phy DF OF 
 1 Matthew Lombardi                                  60     0   5  0  
 2 Kyle Wellwood                                     40     0   5  0  

Penalty Kill - 3 Players Defense
   Defense                  Defense                  Time % Phy DF OF 
 1 Alexei Morozov           Jeff Woywitka            60     0   5  0  
 2 Matt Smaby               Kyle McLaren             40     0   5  0  

4 vs 4 Forward 
   Center                   Wing                     Time % Phy DF OF 
 1 Jeff Carter              Dany Heatley             50     1   2  2  
 2 Kyle Wellwood            Patrick Marleau          50     1   2  2  

4 vs 4 Defense
   Defense                  Defense                  Time % Phy DF OF 
 1 Jonathan Ericsson        Jeff Woywitka            50     1   2  2  
 2 Matt Smaby               Pavel Kubina             50     1   2  2  

Last Minutes Offensive
   Center                   Left Wing                Right Wing               Defense                  Defense                  
   Jeff Carter              Dany Heatley             Alexei Morozov           Pavel Kubina             Jeff Woywitka            

Last Minutes Defensive
   Center                   Left Wing                Right Wing               Defense                  Defense                  
   Matthew Lombardi         Dany Heatley             Loui Eriksson            Jeff Woywitka            Jonathan Ericsson        

Goaltenders
Starting : Cory Schneider           
Backup : Robin Lehner             

Extra Forwards
Normal : Jeff Carter, Kyle Wellwood, Patrick Marleau - PP : Jeff Carter, Kyle Wellwood - PK : Matthew Lombardi
Extra Defensemen
Normal : Jonathan Ericsson, Jeff Woywitka, Pavel Kubina - PP : Jonathan Ericsson - PK : Jeff Woywitka, Jonathan Ericsson
Penalty Shots
Patrick Marleau, Dany Heatley, Alexei Morozov, Jeff Carter, Loui Eriksson

Oilers

5 vs 5 Forward 
   Center                   Left Wing                Right Wing               Time % Phy DF OF 
 1 Jonathan Toews           Tomas Fleischmann        Patrick Kane             38     1   2  2  
 2 Paul Stastny             Ilya Kovalchuk           Ted Purcell              37     1   2  2  
 3 Peter Regin              Steve Begin              Patrick Kaleta           15     1   2  2  
 4 Brian Sutherby           Oleg Saprykin            Wayne Simmonds           10     1   2  2  

5 vs 5 Defense 
   Defense                  Defense                                           Time % Phy DF OF 
 1 Ian White                Rob Scuderi                                       35     1   2  2  
 2 Danny Richmond           David Hale                                        34     1   2  2  
 3 Kurt Sauer               Zach Bogosian                                     26     1   2  2  
 4 Ian White                Kurt Sauer                                        5      1   2  2  

PowerPlay Forward 
   Center                   Left Wing                Right Wing               Time % Phy DF OF 
 1 Jonathan Toews           Tomas Fleischmann        Patrick Kane             50     0   2  3  
 2 Paul Stastny             Ilya Kovalchuk           Ted Purcell              50     0   2  3  

PowerPlay Defense
   Defense                  Defense                                           Time % Phy DF OF 
 1 Ian White                Kurt Sauer                                        50     1   2  2  
 2 Danny Richmond           Zach Bogosian                                     50     1   2  2  

Penalty Kill 4 Players Forward 
   Center                   Wing                     Time % Phy DF OF 
 1 Peter Regin              Steve Begin              50     1   3  1  
 2 Brian Sutherby           Oleg Saprykin            50     1   3  1  

Penalty Kill 4 Players Defense
   Defense                  Defense                  Time % Phy DF OF 
 1 Ian White                Rob Scuderi              50     1   3  1  
 2 Danny Richmond           Kurt Sauer               50     1   3  1  

Penalty Kill - 3 Players Forward 
   Forward                                           Time % Phy DF OF 
 1 Ilya Kovalchuk                                    50     1   4  0  
 2 Jonathan Toews                                    50     1   4  0  

Penalty Kill - 3 Players Defense
   Defense                  Defense                  Time % Phy DF OF 
 1 Ian White                Rob Scuderi              50     1   4  0  
 2 Danny Richmond           Kurt Sauer               50     1   4  0  

4 vs 4 Forward 
   Center                   Wing                     Time % Phy DF OF 
 1 Paul Stastny             Ilya Kovalchuk           50     1   2  2  
 2 Jonathan Toews           Patrick Kane             50     1   2  2  

4 vs 4 Defense
   Defense                  Defense                  Time % Phy DF OF 
 1 Ian White                Rob Scuderi              50     1   2  2  
 2 Danny Richmond           Kurt Sauer               50     1   2  2  

Last Minutes Offensive
   Center                   Left Wing                Right Wing               Defense                  Defense                  
   Jonathan Toews           Ilya Kovalchuk           Patrick Kane             Danny Richmond           Ian White                

Last Minutes Defensive
   Center                   Left Wing                Right Wing               Defense                  Defense                  
   Jonathan Toews           Ilya Kovalchuk           Patrick Kane             Danny Richmond           Ian White                

Goaltenders
Starting : Cam Ward                 
Backup : Sebastien Caron          

Extra Forwards
Normal : Ilya Kovalchuk, Patrick Kane, Jonathan Toews - PP : Wayne Simmonds, Oleg Saprykin - PK : Steve Begin
Extra Defensemen
Normal : Zach Bogosian, Rob Scuderi, Ian White - PP : David Hale - PK : David Hale, Zach Bogosian
Penalty Shots
Patrick Kane, Ilya Kovalchuk, Jonathan Toews, Paul Stastny, Tomas Fleischmann

% Time on Ice - Flyers

Lines # - Real PCT - Wanted PCT - Time Play
Normal Forward
1 - 31% - 35% - 14:05
2 - 30% - 35% - 13:47
3 - 20% - 15% - 9:02
4 - 19% - 15% - 8:30
Normal Defense
1 - 44% - 40% - 19:46
2 - 42% - 40% - 19:05
3 - 14% - 15% - 6:33
4 - 0% - 5% - 0:00
PP Forward
1 - 50% - 50% - 5:13
2 - 50% - 50% - 5:19
PP Defense
1 - 55% - 50% - 5:46
2 - 45% - 50% - 4:46
PK Forward
1 - 73% - 60% - 2:53
2 - 27% - 40% - 1:05
PK Defense
1 - 60% - 60% - 2:22
2 - 40% - 40% - 1:36
PK3 Forward
1 - 0% - 60%
2 - 0% - 40%
PK3 Defense
1 - 0% - 60%
2 - 0% - 40%
44 Forward
1 - 0% - 50%
2 - 0% - 50%
44 Defense
1 - 0% - 50%
2 - 0% - 50%
Last Minute Offensive  - 0:00
Last Minute Defensive  - 0:06
Total
Forward - 60:00
Defense - 60:00

% Time on Ice - Oilers

Lines # - Real PCT - Wanted PCT - Time Play
Normal Forward
1 - 37% - 38% - 16:36
2 - 34% - 37% - 15:15
3 - 17% - 15% - 7:36
4 - 13% - 10% - 5:57
Normal Defense
1 - 37% - 35% - 16:59
2 - 36% - 34% - 16:22
3 - 26% - 26% - 11:39
4 - 1% - 5% - 0:24
PP Forward
1 - 52% - 50% - 2:03
2 - 48% - 50% - 1:55
PP Defense
1 - 56% - 50% - 2:13
2 - 44% - 50% - 1:45
PK Forward
1 - 51% - 50% - 5:20
2 - 49% - 50% - 5:12
PK Defense
1 - 52% - 50% - 5:28
2 - 48% - 50% - 5:04
PK3 Forward
1 - 0% - 50%
2 - 0% - 50%
PK3 Defense
1 - 0% - 50%
2 - 0% - 50%
44 Forward
1 - 0% - 50%
2 - 0% - 50%
44 Defense
1 - 0% - 50%
2 - 0% - 50%
Last Minute Offensive  - 0:06
Last Minute Defensive  - 0:00
Total
Forward - 60:00
Defense - 60:00

Play by Play

1st period


0:01 of 1st period - Jonathan Toews wins face-off versus Kyle Wellwood in neutral zone.
0:04 of 1st period - Jeff Woywitka is hit by Jonathan Toews and loses puck.
0:27 of 1st period - Ian White is hit by Jonathan Ericsson and loses puck.
0:40 of 1st period - Wrist shot by Jeff Carter.
0:40 of 1st period - Stopped by Cam Ward without a rebound.
0:41 of 1st period - Patrick Kaleta wins face-off versus Matthew Lombardi in Oilers zone.
1:16 of 1st period - Wayne Simmonds is hit by Jeff O'Neill and loses puck.
1:50 of 1st period - Snap shot by Wayne Simmonds.
1:50 of 1st period - Shot Misses the Net.
2:04 of 1st period - Slapshot by Kyle Wellwood.
2:04 of 1st period - Stopped by Cam Ward without a rebound.
2:05 of 1st period - Jonathan Toews wins face-off versus Jeff Carter in Oilers zone.
2:18 of 1st period - Wrist shot by Jonathan Toews.
2:18 of 1st period - Shot Misses the Net.
2:20 of 1st period - Slapshot by Zach Bogosian.
2:20 of 1st period - Deflect By Patrick Kane.
2:20 of 1st period - Shot Blocked by Jonathan Ericsson.
2:20 of 1st period - Puck is out of play.
2:21 of 1st period - Paul Stastny wins face-off versus Matthew Lombardi in Flyers zone.
2:31 of 1st period - Minor Penalty to Rostislav Olesz for Boarding.
2:32 of 1st period - Jonathan Toews wins face-off versus Matthew Lombardi in Flyers zone.
2:46 of 1st period - Slapshot by Patrick Kane.
2:46 of 1st period - Shot Blocked by Jonathan Ericsson.
2:48 of 1st period - Slapshot by Kurt Sauer.
2:48 of 1st period - Stopped by Cory Schneider with a rebound.
2:58 of 1st period - Ian White is hit by Kyle Wellwood and loses puck.
3:06 of 1st period - Icing by Kurt Sauer.
3:07 of 1st period - Matthew Lombardi wins face-off versus Paul Stastny in Oilers zone.
4:31 of 1st period - Penalty to Rostislav Olesz is over, Rostislav Olesz is back on ice.
4:48 of 1st period - Ian White is hit by Loui Eriksson.
4:52 of 1st period - Kyle Wellwood is hit by Patrick Kaleta and loses puck.
5:09 of 1st period - Wrist shot by Patrick Marleau.
5:09 of 1st period - Goal by Patrick Marleau - Flyers : 1 - Oilers : 0.
5:10 of 1st period - Alexei Morozov wins face-off versus Paul Stastny in neutral zone.
5:20 of 1st period - Snap shot by Paul Stastny.
5:20 of 1st period - Shot Misses the Net.
5:22 of 1st period - Slapshot by Kurt Sauer.
5:22 of 1st period - Stopped by Cory Schneider with a rebound.
6:24 of 1st period - Snap shot by Paul Stastny.
6:24 of 1st period - Stopped by Cory Schneider without a rebound.
6:25 of 1st period - Jeff Carter wins face-off versus Jonathan Toews in Flyers zone.
6:25 of 1st period - Jeff Carter is hit by Jonathan Toews.
6:28 of 1st period - Icing by Dany Heatley.
6:29 of 1st period - Jeff Carter wins face-off versus Jonathan Toews in Flyers zone.
6:29 of 1st period - Jeff Carter is hit by Danny Richmond.
6:42 of 1st period - Minor Penalty to Danny Richmond for Slashing.
6:43 of 1st period - Peter Regin wins face-off versus Jeff Carter in Oilers zone.
7:11 of 1st period - Off-side.
7:12 of 1st period - Kyle Wellwood wins face-off versus Peter Regin in neutral zone.
7:36 of 1st period - Wrist shot by Loui Eriksson.
7:36 of 1st period - Shot Misses the Net.
7:38 of 1st period - Slapshot by Jeff Woywitka.
7:38 of 1st period - Shot Blocked by Kurt Sauer.
8:00 of 1st period - Off-side.
8:01 of 1st period - Jeff Carter wins face-off versus Peter Regin in neutral zone.
8:42 of 1st period - Penalty to Danny Richmond is over, Danny Richmond is back on ice.
9:10 of 1st period - Slapshot by Jonathan Toews.
9:10 of 1st period - Deflect By Patrick Kane.
9:10 of 1st period - Shot Misses the Net.
9:10 of 1st period - Puck is out of play.
9:11 of 1st period - Matthew Lombardi wins face-off versus Jonathan Toews in Flyers zone.
9:16 of 1st period - David Hale is hit by Rostislav Olesz and loses puck.
9:25 of 1st period - Icing by Danny Richmond.
9:26 of 1st period - Jeff Carter wins face-off versus Jonathan Toews in Oilers zone.
9:27 of 1st period - Slapshot by Alexei Morozov.
9:27 of 1st period - Shot Misses the Net.
9:30 of 1st period - Icing by Patrick Kane.
9:31 of 1st period - Jeff Carter wins face-off versus Jonathan Toews in Oilers zone.
9:32 of 1st period - Backhand shot by Alexei Morozov.
9:32 of 1st period - Stopped by Cam Ward without a rebound.
9:33 of 1st period - Dany Heatley wins face-off versus Paul Stastny in Oilers zone.
9:44 of 1st period - Snap shot by Alexei Morozov.
9:44 of 1st period - Deflect By Jeff Carter.
9:44 of 1st period - Deflect By Ilya Kovalchuk.
9:44 of 1st period - Stopped by Cam Ward without a rebound.
9:45 of 1st period - Ted Purcell wins face-off versus Jeff Carter in Oilers zone.
9:54 of 1st period - Snap shot by Paul Stastny.
9:54 of 1st period - Shot Blocked by Dany Heatley.
10:02 of 1st period - Snap shot by Ilya Kovalchuk.
10:02 of 1st period - Goal by Ilya Kovalchuk - Flyers : 1 - Oilers : 1.
10:03 of 1st period - Jonathan Toews wins face-off versus Patrick Marleau in neutral zone.
10:10 of 1st period - Wrist shot by Jonathan Toews.
10:10 of 1st period - Shot Misses the Net.
10:28 of 1st period - Jeff Carter is hit by Ted Purcell and loses puck.
10:41 of 1st period - Snap shot by Paul Stastny.
10:41 of 1st period - Goal by Paul Stastny - Flyers : 1 - Oilers : 2.
10:42 of 1st period - Jonathan Toews wins face-off versus Kyle Wellwood in neutral zone.
10:53 of 1st period - David Hale is hit by Matt Smaby and loses puck.
10:58 of 1st period - Backhand shot by Kyle Wellwood.
10:58 of 1st period - Stopped by Cam Ward without a rebound.
10:59 of 1st period - Jeff Carter wins face-off versus Paul Stastny in Oilers zone.
11:36 of 1st period - Snap shot by Jonathan Toews.
11:36 of 1st period - Shot Misses the Net.
11:38 of 1st period - Slapshot by Jonathan Toews.
11:38 of 1st period - Shot Misses the Net.
11:40 of 1st period - Wrist shot by Ian White.
11:40 of 1st period - Shot Misses the Net.
11:52 of 1st period - Wrist shot by Michel Ouellet.
11:52 of 1st period - Stopped by Cam Ward without a rebound.
11:53 of 1st period - Peter Regin wins face-off versus Jeff O'Neill in Oilers zone.
12:00 of 1st period - Slapshot by Danny Richmond.
12:00 of 1st period - Deflect By Peter Regin.
12:00 of 1st period - Shot Blocked by Michel Ouellet.
12:00 of 1st period - Puck is out of play.
12:01 of 1st period - Paul Stastny wins face-off versus Jeff Carter in Flyers zone.
12:06 of 1st period - Snap shot by Ilya Kovalchuk.
12:06 of 1st period - Stopped by Cory Schneider with a rebound.
12:08 of 1st period - Snap shot by Paul Stastny.
12:08 of 1st period - Stopped by Cory Schneider without a rebound.
12:09 of 1st period - Paul Stastny wins face-off versus Jeff Carter in Flyers zone.
12:18 of 1st period - Wrist shot by Ilya Kovalchuk.
12:18 of 1st period - Stopped by Cory Schneider without a rebound.
12:19 of 1st period - Jonathan Toews wins face-off versus Kyle Wellwood in Flyers zone.
12:52 of 1st period - Slapshot by Danny Richmond.
12:52 of 1st period - Stopped by Cory Schneider with a rebound.
13:03 of 1st period - Minor Penalty to Alexei Morozov for Cross-checking.
13:04 of 1st period - Matthew Lombardi wins face-off versus Paul Stastny in Flyers zone.
13:30 of 1st period - Jeff Woywitka is hit by Kurt Sauer and loses puck.
13:39 of 1st period - Snap shot by Jonathan Toews.
13:39 of 1st period - Shot Misses the Net.
15:03 of 1st period - Penalty to Alexei Morozov is over, Alexei Morozov is back on ice.
15:40 of 1st period - Slapshot by Patrick Marleau.
15:40 of 1st period - Stopped by Cam Ward with a rebound.
15:42 of 1st period - Slapshot by Loui Eriksson.
15:42 of 1st period - Shot Misses the Net.
15:44 of 1st period - Snap shot by Kyle Wellwood.
15:44 of 1st period - Stopped by Cam Ward with a rebound.
16:07 of 1st period - Peter Regin is hit by Michel Ouellet and loses puck.
16:29 of 1st period - Minor Penalty to Tomas Fleischmann for Cross-checking.
16:30 of 1st period - Kyle Wellwood wins face-off versus Brian Sutherby in Oilers zone.
17:34 of 1st period - Steve Begin is hit by Alexei Morozov and loses puck.
18:01 of 1st period - Rob Scuderi is hit by Kyle Wellwood and loses puck.
18:29 of 1st period - Penalty to Tomas Fleischmann is over, Tomas Fleischmann is back on ice.
18:38 of 1st period - Jeff Woywitka is hit by Ted Purcell and loses puck.
19:08 of 1st period - Icing by David Hale.
19:09 of 1st period - Jonathan Toews wins face-off versus Matthew Lombardi in Oilers zone.
19:18 of 1st period - Snap shot by Jonathan Toews.
19:18 of 1st period - Shot Misses the Net.
19:26 of 1st period - Snap shot by Jonathan Toews.
19:26 of 1st period - Shot Blocked by Rostislav Olesz.
19:28 of 1st period - Snap shot by Tomas Fleischmann.
19:28 of 1st period - Shot Misses the Net.
19:42 of 1st period - Wrist shot by Tomas Fleischmann.
19:42 of 1st period - Stopped by Cory Schneider with a rebound.
19:48 of 1st period - Slapshot by Jeff Carter.
19:48 of 1st period - Shot Misses the Net.
Goals for this period are 1 for Flyers vs 2 for Oilers.
Shots for this period are 9 for Flyers vs 10 for Oilers.

2nd period


0:01 of 2nd period - Jeff Carter wins face-off versus Jonathan Toews in neutral zone.
0:10 of 2nd period - Slapshot by Alexei Morozov.
0:10 of 2nd period - Deflect By Jeff Carter.
0:10 of 2nd period - Stopped by Cam Ward with a rebound.
0:12 of 2nd period - Snap shot by Alexei Morozov.
0:12 of 2nd period - Shot Blocked by Ian White.
0:14 of 2nd period - Slapshot by Dany Heatley.
0:14 of 2nd period - Stopped by Cam Ward without a rebound.
0:15 of 2nd period - Paul Stastny wins face-off versus Kyle Wellwood in Oilers zone.
0:30 of 2nd period - Slapshot by Ian White.
0:30 of 2nd period - Shot Blocked by Loui Eriksson.
0:51 of 2nd period - Wrist shot by Mike York.
0:51 of 2nd period - Shot Misses the Net.
0:53 of 2nd period - Snap shot by Michel Ouellet.
0:53 of 2nd period - Stopped by Cam Ward without a rebound.
0:54 of 2nd period - Jonathan Toews wins face-off versus Jeff O'Neill in Oilers zone.
1:20 of 2nd period - Peter Regin is hit by Alexei Morozov.
1:30 of 2nd period - Snap shot by Peter Regin.
1:30 of 2nd period - Stopped by Cory Schneider with a rebound.
1:40 of 2nd period - Oleg Saprykin is hit by Kyle Wellwood.
1:59 of 2nd period - Rostislav Olesz is hit by Rob Scuderi and loses puck.
2:28 of 2nd period - Backhand shot by Alexei Morozov.
2:28 of 2nd period - Shot Misses the Net.
2:43 of 2nd period - Wrist shot by Loui Eriksson.
2:43 of 2nd period - Stopped by Cam Ward without a rebound.
2:44 of 2nd period - Kyle Wellwood wins face-off versus Peter Regin in Oilers zone.
2:55 of 2nd period - Slapshot by Kurt Sauer.
2:55 of 2nd period - Stopped by Cory Schneider without a rebound.
2:56 of 2nd period - Patrick Kane wins face-off versus Jeff Carter in Flyers zone.
3:06 of 2nd period - Icing by Dany Heatley.
3:07 of 2nd period - Alexei Morozov wins face-off versus Jonathan Toews in Flyers zone.
3:13 of 2nd period - Jonathan Ericsson is hit by Zach Bogosian and loses puck.
3:42 of 2nd period - Slapshot by Alexei Morozov.
3:42 of 2nd period - Deflect By Jeff Carter.
3:42 of 2nd period - Shot Misses the Net.
3:42 of 2nd period - Puck is out of play.
3:43 of 2nd period - Ilya Kovalchuk wins face-off versus Patrick Marleau in Oilers zone.
3:55 of 2nd period - Wrist shot by Ted Purcell.
3:55 of 2nd period - Stopped by Cory Schneider with a rebound.
4:19 of 2nd period - Snap shot by Matthew Lombardi.
4:19 of 2nd period - Deflect By Rostislav Olesz.
4:19 of 2nd period - Stopped by Cam Ward with a rebound.
4:21 of 2nd period - Slapshot by James Wisniewski.
4:21 of 2nd period - Stopped by Cam Ward without a rebound.
4:22 of 2nd period - Jeff Carter wins face-off versus Jonathan Toews in Oilers zone.
4:30 of 2nd period - Minor Penalty to Ian White for High sticking.
4:31 of 2nd period - Peter Regin wins face-off versus Jeff Carter in Oilers zone.
4:43 of 2nd period - Snap shot by Alexei Morozov.
4:43 of 2nd period - Stopped by Cam Ward without a rebound.
4:44 of 2nd period - Jeff Carter wins face-off versus Peter Regin in Oilers zone.
5:09 of 2nd period - Kurt Sauer is hit by Pavel Kubina and loses puck.
5:42 of 2nd period - Snap shot by Rob Scuderi.
5:42 of 2nd period - Stopped by Cory Schneider without a rebound.
5:43 of 2nd period - Peter Regin wins face-off versus Loui Eriksson in Flyers zone.
5:52 of 2nd period - Snap shot by Steve Begin.
5:52 of 2nd period - Shot Misses the Net.
6:17 of 2nd period - Slapshot by Alexei Morozov.
6:17 of 2nd period - Shot Hit the Post.
6:30 of 2nd period - Penalty to Ian White is over, Ian White is back on ice.
6:47 of 2nd period - Wrist shot by Michel Ouellet.
6:47 of 2nd period - Shot Blocked by Rob Scuderi.
7:07 of 2nd period - Wrist shot by Ian White.
7:07 of 2nd period - Deflect By Peter Regin.
7:07 of 2nd period - Stopped by Cory Schneider without a rebound.
7:08 of 2nd period - Paul Stastny wins face-off versus Jeff Carter in Flyers zone.
7:35 of 2nd period - Kyle Wellwood is hit by Jonathan Toews and loses puck.
7:40 of 2nd period - Wrist shot by Jonathan Toews.
7:40 of 2nd period - Stopped by Cory Schneider without a rebound.
7:41 of 2nd period - Kyle Wellwood wins face-off versus Tomas Fleischmann in Flyers zone.
7:46 of 2nd period - Danny Richmond is hit by Patrick Marleau and loses puck.
7:53 of 2nd period - Snap shot by Patrick Marleau.
7:53 of 2nd period - Shot Misses the Net.
7:55 of 2nd period - Slapshot by James Wisniewski.
7:55 of 2nd period - Deflect By Kyle Wellwood.
7:55 of 2nd period - Shot Misses the Net.
7:55 of 2nd period - Puck is out of play.
7:56 of 2nd period - Paul Stastny wins face-off versus Jeff Carter in Oilers zone.
7:56 of 2nd period - Paul Stastny is hit by Dany Heatley.
8:02 of 2nd period - Wrist shot by Ted Purcell.
8:02 of 2nd period - Stopped by Cory Schneider without a rebound.
8:03 of 2nd period - Ted Purcell wins face-off versus Jeff Carter in Flyers zone.
8:04 of 2nd period - Wrist shot by Ilya Kovalchuk.
8:04 of 2nd period - Stopped by Cory Schneider without a rebound.
8:05 of 2nd period - Paul Stastny wins face-off versus Jeff Carter in Flyers zone.
8:08 of 2nd period - Wrist shot by Paul Stastny.
8:08 of 2nd period - Deflect By Ilya Kovalchuk.
8:08 of 2nd period - Shot Blocked by Alexei Morozov.
8:08 of 2nd period - Puck is out of play.
8:09 of 2nd period - Kyle Wellwood wins face-off versus Paul Stastny in Flyers zone.
8:09 of 2nd period - Kyle Wellwood is hit by Paul Stastny.
9:09 of 2nd period - Snap shot by Peter Regin.
9:09 of 2nd period - Shot Misses the Net.
9:11 of 2nd period - Snap shot by Patrick Kaleta.
9:11 of 2nd period - Goal by Patrick Kaleta - Flyers : 1 - Oilers : 3.
9:12 of 2nd period - Kyle Wellwood wins face-off versus Paul Stastny in neutral zone.
9:22 of 2nd period - Rob Scuderi is hit by Patrick Marleau and loses puck.
9:37 of 2nd period - Jonathan Ericsson is hit by Patrick Kane and loses puck.
9:50 of 2nd period - Snap shot by Jonathan Toews.
9:50 of 2nd period - Stopped by Cory Schneider with a rebound.
10:10 of 2nd period - Slapshot by Patrick Kaleta.
10:10 of 2nd period - Shot Misses the Net.
10:54 of 2nd period - Backhand shot by Ilya Kovalchuk.
10:54 of 2nd period - Stopped by Cory Schneider with a rebound.
11:16 of 2nd period - Snap shot by Alexei Morozov.
11:16 of 2nd period - Shot Misses the Net.
12:23 of 2nd period - Wrist shot by Alexei Morozov.
12:23 of 2nd period - Stopped by Cam Ward with a rebound.
12:25 of 2nd period - Slapshot by James Wisniewski.
12:25 of 2nd period - Deflect By Dany Heatley.
12:25 of 2nd period - Shot Misses the Net.
12:25 of 2nd period - Puck is out of play.
12:26 of 2nd period - Ilya Kovalchuk wins face-off versus Kyle Wellwood in Oilers zone.
12:33 of 2nd period - James Wisniewski is hit by Danny Richmond.
12:38 of 2nd period - Off-side.
12:39 of 2nd period - Jeff Carter wins face-off versus Paul Stastny in neutral zone.
13:06 of 2nd period - Jeff Carter is hit by Ian White and loses puck.
13:33 of 2nd period - Snap shot by Jeff Carter.
13:33 of 2nd period - Shot Misses the Net.
13:41 of 2nd period - Slapshot by Alexei Morozov.
13:41 of 2nd period - Deflect By Zach Bogosian.
13:41 of 2nd period - Stopped by Cam Ward with a rebound.
13:44 of 2nd period - Icing by Tomas Fleischmann.
13:45 of 2nd period - Patrick Marleau wins face-off versus Jonathan Toews in Oilers zone.
13:53 of 2nd period - Off-side.
13:54 of 2nd period - Paul Stastny wins face-off versus Kyle Wellwood in neutral zone.
14:16 of 2nd period - Slapshot by Matt Smaby.
14:16 of 2nd period - Stopped by Cam Ward with a rebound.
14:18 of 2nd period - Slapshot by Pavel Kubina.
14:18 of 2nd period - Stopped by Cam Ward without a rebound.
14:19 of 2nd period - Matthew Lombardi wins face-off versus Jonathan Toews in Oilers zone.
14:24 of 2nd period - Backhand shot by Matthew Lombardi.
14:24 of 2nd period - Deflect By Rostislav Olesz.
14:24 of 2nd period - Shot Blocked by Patrick Kane.
14:24 of 2nd period - Puck is out of play.
14:25 of 2nd period - Matthew Lombardi wins face-off versus Paul Stastny in Oilers zone.
14:52 of 2nd period - Backhand shot by Ilya Kovalchuk.
14:52 of 2nd period - Shot Misses the Net.
15:19 of 2nd period - Slapshot by Patrick Marleau.
15:19 of 2nd period - Shot Blocked by Danny Richmond.
16:07 of 2nd period - Snap shot by Patrick Kane.
16:07 of 2nd period - Goal by Patrick Kane - Flyers : 1 - Oilers : 4.
16:08 of 2nd period - Paul Stastny wins face-off versus Jeff Carter in neutral zone.
16:11 of 2nd period - Alexei Morozov is hit by Rob Scuderi and loses puck.
16:34 of 2nd period - Michel Ouellet is hit by Ian White and loses puck.
16:59 of 2nd period - Slapshot by Ian White.
16:59 of 2nd period - Shot Blocked by Kyle McLaren.
17:01 of 2nd period - Snap shot by Steve Begin.
17:01 of 2nd period - Stopped by Cory Schneider with a rebound.
17:03 of 2nd period - Wrist shot by Steve Begin.
17:03 of 2nd period - Stopped by Cory Schneider with a rebound.
17:05 of 2nd period - Snap shot by Patrick Kaleta.
17:05 of 2nd period - Stopped by Cory Schneider without a rebound.
17:06 of 2nd period - Ted Purcell wins face-off versus Jeff Carter in Flyers zone.
17:43 of 2nd period - Snap shot by Dany Heatley.
17:43 of 2nd period - Stopped by Cam Ward with a rebound.
18:00 of 2nd period - Wrist shot by Loui Eriksson.
18:00 of 2nd period - Shot Misses the Net.
18:26 of 2nd period - Wrist shot by Paul Stastny.
18:26 of 2nd period - Stopped by Cory Schneider without a rebound.
18:27 of 2nd period - Jeff O'Neill wins face-off versus Jonathan Toews in Flyers zone.
19:19 of 2nd period - Backhand shot by Alexei Morozov.
19:19 of 2nd period - Shot Misses the Net.
19:21 of 2nd period - Slapshot by Dany Heatley.
19:21 of 2nd period - Stopped by Cam Ward with a rebound.
Goals for this period are 0 for Flyers vs 2 for Oilers.
Shots for this period are 13 for Flyers vs 16 for Oilers.

3rd period


0:01 of 3rd period - Paul Stastny wins face-off versus Dany Heatley in neutral zone.
0:27 of 3rd period - Patrick Kane is hit by Matt Smaby and loses puck.
0:32 of 3rd period - Wrist shot by Patrick Marleau.
0:32 of 3rd period - Stopped by Cam Ward with a rebound.
0:34 of 3rd period - Slapshot by Pavel Kubina.
0:34 of 3rd period - Stopped by Cam Ward with a rebound.
0:36 of 3rd period - Slapshot by Patrick Marleau.
0:36 of 3rd period - Shot Blocked by Rob Scuderi.
1:08 of 3rd period - Brian Sutherby is hit by Jonathan Ericsson and loses puck.
1:33 of 3rd period - Wrist shot by Danny Richmond.
1:33 of 3rd period - Deflect By Jeff Woywitka.
1:33 of 3rd period - Stopped by Cory Schneider with a rebound.
1:35 of 3rd period - Wrist shot by Ted Purcell.
1:35 of 3rd period - Stopped by Cory Schneider with a rebound.
2:13 of 3rd period - Jeff O'Neill is hit by Patrick Kaleta and loses puck.
2:20 of 3rd period - Wrist shot by Patrick Kaleta.
2:20 of 3rd period - Stopped by Cory Schneider with a rebound.
2:22 of 3rd period - Snap shot by Patrick Kaleta.
2:22 of 3rd period - Shot Blocked by Jeff O'Neill.
2:44 of 3rd period - Kyle McLaren is hit by Oleg Saprykin and loses puck.
3:19 of 3rd period - David Hale is hit by Loui Eriksson.
3:37 of 3rd period - Tomas Fleischmann is hit by Matt Smaby and loses puck.
3:54 of 3rd period - Ian White is hit by Matt Smaby and loses puck.
4:03 of 3rd period - Backhand shot by Ilya Kovalchuk.
4:03 of 3rd period - Shot Misses the Net.
4:18 of 3rd period - Wayne Simmonds is hit by Dany Heatley and loses puck.
4:31 of 3rd period - Minor Penalty to Ian White for Tripping.
4:32 of 3rd period - Peter Regin wins face-off versus Jeff Carter in Oilers zone.
6:31 of 3rd period - Penalty to Ian White is over, Ian White is back on ice.
6:44 of 3rd period - Icing by Paul Stastny.
6:45 of 3rd period - Paul Stastny wins face-off versus Jeff O'Neill in Oilers zone.
7:02 of 3rd period - Slapshot by Paul Stastny.
7:02 of 3rd period - Shot Misses the Net.
7:17 of 3rd period - Icing by David Hale.
7:18 of 3rd period - Matthew Lombardi wins face-off versus Ted Purcell in Oilers zone.
7:19 of 3rd period - Wrist shot by Rostislav Olesz.
7:19 of 3rd period - Stopped by Cam Ward without a rebound.
7:20 of 3rd period - Jonathan Toews wins face-off versus Matthew Lombardi in Oilers zone.
7:49 of 3rd period - Slapshot by Matt Smaby.
7:49 of 3rd period - Stopped by Cam Ward with a rebound.
8:03 of 3rd period - Ilya Kovalchuk is hit by Matthew Lombardi.
8:29 of 3rd period - Minor Penalty to Ian White for Hooking.
8:30 of 3rd period - Jeff Carter wins face-off versus Peter Regin in Oilers zone.
8:45 of 3rd period - Rob Scuderi is hit by Alexei Morozov and loses puck.
9:06 of 3rd period - Backhand shot by Loui Eriksson.
9:06 of 3rd period - Goal by Loui Eriksson - Flyers : 2 - Oilers : 4.
9:07 of 3rd period - Jeff Carter wins face-off versus Patrick Kane in neutral zone.
9:10 of 3rd period - Tomas Fleischmann is hit by Jeff Woywitka and loses puck.
9:33 of 3rd period - Icing by Patrick Kane.
9:34 of 3rd period - Kyle Wellwood wins face-off versus Jonathan Toews in Oilers zone.
9:41 of 3rd period - Snap shot by Patrick Marleau.
9:41 of 3rd period - Shot Misses the Net.
9:43 of 3rd period - Slapshot by Matt Smaby.
9:43 of 3rd period - Goal by Matt Smaby - Flyers : 3 - Oilers : 4.
9:44 of 3rd period - Paul Stastny wins face-off versus Kyle Wellwood in neutral zone.
12:26 of 3rd period - Snap shot by Kyle Wellwood.
12:26 of 3rd period - Goal by Kyle Wellwood - Flyers : 4 - Oilers : 4.
12:27 of 3rd period - Jeff Carter wins face-off versus Paul Stastny in neutral zone.
13:28 of 3rd period - Mike York is hit by Oleg Saprykin and loses puck.
13:49 of 3rd period - Slapshot by Rostislav Olesz.
13:49 of 3rd period - Shot Misses the Net.
14:25 of 3rd period - Slapshot by Jonathan Toews.
14:25 of 3rd period - Shot Misses the Net.
14:45 of 3rd period - Snap shot by Michel Ouellet.
14:45 of 3rd period - Shot Blocked by Jonathan Toews.
14:47 of 3rd period - Slapshot by James Wisniewski.
14:47 of 3rd period - Stopped by Cam Ward without a rebound.
14:48 of 3rd period - Jeff O'Neill wins face-off versus Paul Stastny in Oilers zone.
14:49 of 3rd period - Snap shot by Mike York.
14:49 of 3rd period - Shot Misses the Net.
14:51 of 3rd period - Wrist shot by Jeff O'Neill.
14:51 of 3rd period - Stopped by Cam Ward without a rebound.
14:52 of 3rd period - Jeff Carter wins face-off versus Paul Stastny in Oilers zone.
15:39 of 3rd period - Wrist shot by Rostislav Olesz.
15:39 of 3rd period - Shot Misses the Net.
15:41 of 3rd period - Snap shot by Rostislav Olesz.
15:41 of 3rd period - Shot Misses the Net.
15:43 of 3rd period - Slapshot by Pavel Kubina.
15:43 of 3rd period - Stopped by Cam Ward without a rebound.
15:44 of 3rd period - Jonathan Toews wins face-off versus Jeff O'Neill in Oilers zone.
15:59 of 3rd period - Slapshot by Pavel Kubina.
15:59 of 3rd period - Stopped by Cam Ward without a rebound.
16:00 of 3rd period - Kyle Wellwood wins face-off versus Peter Regin in Oilers zone.
16:30 of 3rd period - Wrist shot by Jonathan Toews.
16:30 of 3rd period - Shot Blocked by Jeff Woywitka.
16:44 of 3rd period - Minor Penalty to Jonathan Toews for High sticking.
16:45 of 3rd period - Brian Sutherby wins face-off versus Jeff Carter in Oilers zone.
17:02 of 3rd period - Snap shot by Jeff Carter.
17:02 of 3rd period - Stopped by Cam Ward with a rebound.
17:12 of 3rd period - Steve Begin is hit by Patrick Marleau and loses puck.
18:44 of 3rd period - Penalty to Jonathan Toews is over, Jonathan Toews is back on ice.
19:10 of 3rd period - Icing by Zach Bogosian.
19:11 of 3rd period - Matthew Lombardi wins face-off versus Jonathan Toews in Oilers zone.
19:14 of 3rd period - Backhand shot by Shane Doan.
19:14 of 3rd period - Stopped by Cam Ward without a rebound.
19:15 of 3rd period - Matthew Lombardi wins face-off versus Brian Sutherby in Oilers zone.
19:53 of 3rd period - Slapshot by Matthew Lombardi.
19:53 of 3rd period - Deflect By Shane Doan.
19:53 of 3rd period - Goal by Shane Doan - Flyers : 5 - Oilers : 4.
19:54 of 3rd period - Matthew Lombardi wins face-off versus Jonathan Toews in neutral zone.
Goals for this period are 4 for Flyers vs 0 for Oilers.
Shots for this period are 14 for Flyers vs 3 for Oilers.